| TOP OF THE 1ST |
|
Colon Scallywags batting - Pitching for Managua Lagoon Monsters : LHP Gil Maldonado
|
|
Pitching: LHP Gil Maldonado
|
|
|
Batting: RHB Phil Bradley
|
0-0: Ball 1-0: Ball 2-0: Foul Ball, location: 2F 2-1: Fly out, F1 (Popup, P, EV 75.0 MPH)
|
|
Batting: RHB Marty G Barrett
|
0-0: SINGLE (Groundball, 56D, EV 103.1 MPH)
|
|
Batting: RHB Gerry Davis
|
0-0: Ball Marty G Barrett is caught stealing 2nd base 2-4 1-0: Swinging Strike 1-1: Called Strike 1-2: Foul Ball, location: 2F 1-2: Foul Ball, location: 2F 1-2: Foul Ball, location: 2F 1-2: Ground out 6-3 (Groundball, 6, EV 78.1 MPH)
|
| Top of the 1st over - 0 runs, 1 hit, 0 errors, 0 left on base; Colon 0 - Managua 0 |
| BOTTOM OF THE 1ST |
|
Managua Lagoon Monsters batting - Pitching for Colon Scallywags : RHP Mike Moore
|
|
Pitching: RHP Mike Moore
|
|
|
Batting: LHB John Elway
|
0-0: Called Strike 0-1: Swinging Strike 0-2: Ball 1-2: SINGLE (Groundball, 56D, EV 94.4 MPH)
|
|
Batting: RHB Ivan Calderon
|
0-0: Foul Ball, location: 2F 0-1: Called Strike 0-2: Ball 1-2: Foul Ball, location: 2F 1-2: Foul Ball, location: 2F 1-2: Ball 2-2: Fly out, F9 (Flyball, 9D, EV 107.5 MPH)
|
|
Batting: LHB Willie Gonzalez
|
0-0: Ball 1-0: Foul Ball, location: 2F 1-1: Ball 2-1: Foul Ball, location: 2F 2-2: Ball 3-2: Foul Ball, location: 2F 3-2: Hit by Pitch John Elway to second
|
|
Batting: RHB Randy Ready
|
0-0: Called Strike 0-1: Ball 1-1: Swinging Strike 1-2: Ball 2-2: Strikes out swinging
|
|
Batting: LHB Dan Pasqua
|
0-0: Ball 1-0: Swinging Strike 1-1: Swinging Strike 1-2: Foul Ball, location: 2F 1-2: Ball 2-2: Ball 3-2: Strikes out looking
|
| Bottom of the 1st over - 0 runs, 1 hit, 0 errors, 2 left on base; Colon 0 - Managua 0 |
| TOP OF THE 2ND |
|
Colon Scallywags batting - Pitching for Managua Lagoon Monsters : LHP Gil Maldonado
|
|
Batting: RHB Joe Carter
|
0-0: Ball 1-0: Ball 2-0: Fly out, F8 (Line Drive, 8RD, EV 91.9 MPH)
|
|
Batting: SHB Jordan Ayala
|
0-0: Called Strike 0-1: Ground out 3-1 (Groundball, 34, EV 85.0 MPH)
|
|
Batting: RHB Pat Casey
|
0-0: Called Strike 0-1: Ball 1-1: Ball 2-1: Swinging Strike 2-2: Strikes out looking
|
| Top of the 2nd over - 0 runs, 0 hits, 0 errors, 0 left on base; Colon 0 - Managua 0 |
| BOTTOM OF THE 2ND |
|
Managua Lagoon Monsters batting - Pitching for Colon Scallywags : RHP Mike Moore
|
|
Batting: RHB Ed Hearn
|
0-0: Called Strike 0-1: Ball 1-1: Called Strike 1-2: Ground out 1-3 (Groundball, 15S, EV 73.8 MPH)
|
|
Batting: RHB Marty Castillo
|
0-0: Ball 1-0: Ball 2-0: Foul Ball, location: 2F 2-1: Foul Ball, location: 2F 2-2: Foul Ball, location: 2F 2-2: Foul Ball, location: 2F 2-2: Foul Ball, location: 2F 2-2: Ground out 6-3 (Groundball, 6, EV 87.5 MPH)
|
|
Batting: LHB John D Morris
|
0-0: Swinging Strike 0-1: Swinging Strike 0-2: Ball 1-2: Strikes out swinging
|
| Bottom of the 2nd over - 0 runs, 0 hits, 0 errors, 0 left on base; Colon 0 - Managua 0 |
| TOP OF THE 3RD |
|
Colon Scallywags batting - Pitching for Managua Lagoon Monsters : LHP Gil Maldonado
|
|
Batting: LHB Sid Bream
|
0-0: Called Strike 0-1: Ball 1-1: Ball 2-1: Foul Ball, location: 2F 2-2: Fly out, F8 (Line Drive, 8LD, EV 97.5 MPH)
|
|
Batting: RHB Alejandro Luna
|
0-0: Called Strike 0-1: Fly out, F9 (Flyball, 9, EV 88.1 MPH)
|
|
Batting: SHB Santiago Fernandez
|
0-0: Ground out 3-1 (Groundball, 34, EV 78.8 MPH)
|
| Top of the 3rd over - 0 runs, 0 hits, 0 errors, 0 left on base; Colon 0 - Managua 0 |
| BOTTOM OF THE 3RD |
|
Managua Lagoon Monsters batting - Pitching for Colon Scallywags : RHP Mike Moore
|
|
Batting: RHB Phillip Wilson
|
0-0: Swinging Strike 0-1: Ball 1-1: Ball 2-1: Swinging Strike 2-2: Ball 3-2: Ground out 6-3 (Groundball, 6, EV 106.9 MPH)
|
|
Batting: LHB John Elway
|
0-0: Ball 1-0: Foul Ball, location: 2F 1-1: Ball 2-1: Foul Ball, location: 2F 2-2: Foul Ball, location: 2F 2-2: Ground out 5-3 (Groundball, 5L, EV 90.6 MPH)
|
|
Batting: RHB Ivan Calderon
|
0-0: Ball 1-0: Foul Ball, location: 2F 1-1: Called Strike 1-2: Strikes out swinging
|
| Bottom of the 3rd over - 0 runs, 0 hits, 0 errors, 0 left on base; Colon 0 - Managua 0 |
| TOP OF THE 4TH |
|
Colon Scallywags batting - Pitching for Managua Lagoon Monsters : LHP Gil Maldonado
|
|
Batting: RHB Phil Bradley
|
0-0: Ball 1-0: Ball 2-0: Called Strike 2-1: Ball 3-1: Base on Balls
|
|
Batting: RHB Marty G Barrett
|
0-0: Fly out, F8 (Line Drive, 8RM, EV 90.6 MPH)
|
|
Batting: RHB Gerry Davis
|
0-0: Ball Phil Bradley is caught stealing 2nd base 2-4 1-0: Foul Ball, location: 2F 1-1: Foul Ball, location: 2F 1-2: Ball 2-2: Ball 3-2: Reached on error, E6 (Groundball, 6, EV 86.9 MPH)
|
|
Batting: RHB Joe Carter
|
0-0: Ball 1-0: Fly out, F7 (Line Drive, 7, EV 95.6 MPH)
|
| Top of the 4th over - 0 runs, 0 hits, 1 error, 1 left on base; Colon 0 - Managua 0 |
| BOTTOM OF THE 4TH |
|
Managua Lagoon Monsters batting - Pitching for Colon Scallywags : RHP Mike Moore
|
|
Batting: LHB Willie Gonzalez
|
0-0: SINGLE (Line Drive, 4MD, EV 97.5 MPH)
|
|
Batting: RHB Randy Ready
|
0-0: Swinging Strike 0-1: Ball 1-1: Foul Ball, location: 2F 1-2: Foul Ball, location: 2F 1-2: Foul Ball, location: 2F 1-2: Ball 2-2: Fly out, F9 (Flyball, 9S, EV 94.4 MPH)
|
|
Batting: LHB Dan Pasqua
|
0-0: Swinging Strike 0-1: Ball 1-1: Foul Ball, location: 2F 1-2: Strikes out looking
|
|
Batting: RHB Ed Hearn
|
0-0: Ball 1-0: SINGLE (Line Drive, 8RS, EV 99.4 MPH) Willie Gonzalez to second Runner from 2nd tries for 3rd, SAFE, throw by CF made to third
|
|
Batting: RHB Marty Castillo
|
0-0: Foul Ball, location: 2F 0-1: Swinging Strike 0-2: SINGLE (Line Drive, 8LM, EV 90.6 MPH) Willie Gonzalez scores Ed Hearn to second Runner from 2nd tries for 3rd, SAFE, throw by CF made to third
|
|
Batting: LHB John D Morris
|
0-0: Swinging Strike 0-1: Ball 1-1: Swinging Strike 1-2: Ball 2-2: SINGLE (Line Drive, 56D, EV 101.9 MPH) Ed Hearn scores Marty Castillo to second
|
|
Batting: RHB Phillip Wilson
|
0-0: Ball 1-0: Foul Ball, location: 2F 1-1: Swinging Strike 1-2: Ball 2-2: Ball 3-2: SINGLE (Groundball, 56S, EV 61.3 MPH) (infield hit) Marty Castillo to third John D Morris to second
|
|
Batting: LHB John Elway
|
0-0: Swinging Strike 0-1: Ball 1-1: Swinging Strike 1-2: Ball 2-2: Ball 3-2: Base on Balls Marty Castillo scores John D Morris to third Phillip Wilson to second
|
|
Batting: RHB Ivan Calderon
|
0-0: Ball 1-0: Called Strike 1-1: Ball 2-1: Fly out, F8 (Line Drive, 8RD, EV 102.5 MPH)
|
| Bottom of the 4th over - 3 runs, 5 hits, 0 errors, 3 left on base; Colon 0 - Managua 3 |
| TOP OF THE 5TH |
|
Colon Scallywags batting - Pitching for Managua Lagoon Monsters : LHP Gil Maldonado
|
|
Batting: SHB Jordan Ayala
|
0-0: Ball 1-0: Ball 2-0: Ball 3-0: Called Strike 3-1: SINGLE (Groundball, 4, EV 98.8 MPH)
|
|
Batting: RHB Pat Casey
|
0-0: Ball 1-0: Foul Ball, location: 2F 1-1: Swinging Strike 1-2: Ball 2-2: Ball 3-2: Grounds into double play, 6-4-3 (Groundball, 6, EV 82.5 MPH)
|
|
Batting: LHB Sid Bream
|
0-0: Ball 1-0: Fly out, F6 (Flyball, 56D, EV 90.0 MPH)
|
| Top of the 5th over - 0 runs, 1 hit, 0 errors, 0 left on base; Colon 0 - Managua 3 |
| BOTTOM OF THE 5TH |
|
Managua Lagoon Monsters batting - Pitching for Colon Scallywags : RHP Mike Moore
|
|
Batting: LHB Willie Gonzalez
|
0-0: Ball 1-0: Foul Ball, location: 2F 1-1: Fly out, F9 (Line Drive, 89M, EV 106.3 MPH)
|
|
Batting: RHB Randy Ready
|
0-0: Ball 1-0: Ball 2-0: Ball 3-0: Called Strike 3-1: Foul Ball, location: 2F 3-2: SINGLE (Line Drive, 4MD, EV 108.1 MPH)
|
|
Batting: LHB Dan Pasqua
|
0-0: SINGLE (Groundball, 56D, EV 96.9 MPH) Randy Ready to second
|
|
Batting: RHB Ed Hearn
|
0-0: Ball 1-0: Grounds into double play, 4-6-3 (Groundball, 4MD, EV 88.1 MPH)
|
| Bottom of the 5th over - 0 runs, 2 hits, 0 errors, 1 left on base; Colon 0 - Managua 3 |
| TOP OF THE 6TH |
|
Colon Scallywags batting - Pitching for Managua Lagoon Monsters : LHP Gil Maldonado
|
|
Batting: RHB Alejandro Luna
|
0-0: Swinging Strike 0-1: Foul Ball, location: 2F 0-2: Strikes out looking
|
|
Batting: SHB Santiago Fernandez
|
0-0: Called Strike 0-1: Fly out, F9 (Flyball, 9, EV 94.4 MPH)
|
|
Batting: RHB Phil Bradley
|
0-0: Called Strike 0-1: Foul Ball, location: 2F 0-2: SINGLE (Groundball, 25, EV 71.3 MPH) (infield hit)
|
|
Batting: RHB Marty G Barrett
|
0-0: Ball 1-0: Ball 2-0: Called Strike 2-1: Ground out 4-3 (Groundball, 34, EV 106.9 MPH)
|
| Top of the 6th over - 0 runs, 1 hit, 0 errors, 1 left on base; Colon 0 - Managua 3 |
| BOTTOM OF THE 6TH |
|
Managua Lagoon Monsters batting - Pitching for Colon Scallywags : RHP Mike Moore
|
|
Batting: RHB Marty Castillo
|
0-0: Called Strike 0-1: Ball 1-1: Foul Ball, location: 2F 1-2: Ball 2-2: Foul Ball, location: 2F 2-2: Foul Ball, location: 2F 2-2: Foul Ball, location: 2F 2-2: Foul Ball, location: 2F 2-2: Foul Ball, location: 2F 2-2: Strikes out swinging
|
|
Batting: LHB John D Morris
|
0-0: Ball 1-0: Called Strike 1-1: Foul Ball, location: 2F 1-2: Fly out, F8 (Flyball, 8LM, EV 81.3 MPH)
|
|
Batting: RHB Phillip Wilson
|
0-0: Called Strike 0-1: Swinging Strike 0-2: Ball 1-2: Fly out, F9 (Flyball, 89S, EV 87.5 MPH)
|
| Bottom of the 6th over - 0 runs, 0 hits, 0 errors, 0 left on base; Colon 0 - Managua 3 |
| TOP OF THE 7TH |
|
Colon Scallywags batting - Pitching for Managua Lagoon Monsters : LHP Gil Maldonado
|
|
Batting: RHB Gerry Davis
|
0-0: Called Strike 0-1: Called Strike 0-2: Strikes out swinging
|
|
Batting: RHB Joe Carter
|
0-0: Ball 1-0: SINGLE (Groundball, 6MD, EV 102.5 MPH)
|
|
Batting: SHB Jordan Ayala
|
0-0: Ball 1-0: Fielders Choice at 2nd, 1-4 (Groundball, 15S, EV 61.3 MPH)
|
|
Batting: RHB Pat Casey
|
0-0: Ball 1-0: Ball Jordan Ayala steals 2nd base 2-0: Swinging Strike 2-1: Ball 3-1: Called Strike 3-2: Foul Ball, location: 2F 3-2: Strikes out looking
|
| Top of the 7th over - 0 runs, 1 hit, 0 errors, 1 left on base; Colon 0 - Managua 3 |
| BOTTOM OF THE 7TH |
|
Managua Lagoon Monsters batting - Pitching for Colon Scallywags : RHP Mike Moore
|
|
Batting: LHB John Elway
|
0-0: Ball 1-0: Foul Ball, location: 2F 1-1: Fly out, F9 (Flyball, 9S, EV 66.9 MPH)
|
|
Batting: RHB Ivan Calderon
|
0-0: Called Strike 0-1: Swinging Strike 0-2: Fly out, F7 (Line Drive, 7, EV 91.9 MPH)
|
|
Batting: LHB Willie Gonzalez
|
0-0: Called Strike 0-1: Ball 1-1: Called Strike 1-2: Ball 2-2: Ball 3-2: Ground out 6-3 (Groundball, 6, EV 88.1 MPH)
|
| Bottom of the 7th over - 0 runs, 0 hits, 0 errors, 0 left on base; Colon 0 - Managua 3 |
| TOP OF THE 8TH |
|
Colon Scallywags batting - Pitching for Managua Lagoon Monsters : LHP Gil Maldonado
|
|
Batting: LHB Sid Bream
|
0-0: Called Strike 0-1: Ball 1-1: SINGLE (Flyball, 89S, EV 92.5 MPH)
|
|
Batting: RHB Alejandro Luna
|
0-0: Called Strike 0-1: Called Strike 0-2: Foul Ball, location: 2F 0-2: Foul Ball, location: 2F 0-2: Foul Ball, location: 2F 0-2: Foul Ball, location: 2F 0-2: Ball 1-2: Strikes out swinging
|
|
Batting: SHB Santiago Fernandez
|
0-0: Called Strike 0-1: Swinging Strike 0-2: Foul Ball, location: 2F 0-2: Foul Ball, location: 2F 0-2: Fly out, F5 (Line Drive, 5, EV 69.4 MPH)
|
|
Batting: RHB Phil Bradley
|
0-0: Ball 1-0: Ball 2-0: Ball Wild Pitch! Sid Bream to second 3-0: Base on Balls
|
|
Batting: RHB Marty G Barrett
|
0-0: Ball 1-0: Foul Ball, location: 2F 1-1: Ball 2-1: Foul Ball, location: 2F 2-2: Foul Ball, location: 2F 2-2: Foul Ball, location: 2F 2-2: Ball 3-2: Base on Balls Sid Bream to third Phil Bradley to second
|
|
Batting: RHB Gerry Davis
|
0-0: Swinging Strike 0-1: Foul Ball, location: 2F 0-2: Ball 1-2: Foul Ball, location: 2F 1-2: Foul Ball, location: 2F 1-2: Fielders Choice at 2nd, 5-4 (Groundball, 56, EV 86.3 MPH)
|
| Top of the 8th over - 0 runs, 1 hit, 0 errors, 3 left on base; Colon 0 - Managua 3 |
| BOTTOM OF THE 8TH |
|
Managua Lagoon Monsters batting - Pitching for Colon Scallywags : RHP Mike Moore
|
|
Pitching: RHP Duane Theiss
|
|
|
Batting: RHB Randy Ready
|
0-0: Ball 1-0: Ball 2-0: Foul Ball, location: 2F 2-1: Fly out, F9 (Flyball, 9S, EV 83.8 MPH)
|
|
Batting: LHB Dan Pasqua
|
0-0: Ball 1-0: Ball 2-0: Called Strike 2-1: Ball 3-1: Base on Balls
|
|
Batting: RHB Ed Hearn
|
0-0: Ball 1-0: Ball 2-0: Swinging Strike 2-1: Called Strike 2-2: Strikes out swinging
|
|
Batting: RHB Marty Castillo
|
0-0: Ball Wild Pitch! Dan Pasqua to second 1-0: Called Strike 1-1: Swinging Strike 1-2: Foul Ball, location: 2F 1-2: Strikes out looking
|
| Bottom of the 8th over - 0 runs, 0 hits, 0 errors, 1 left on base; Colon 0 - Managua 3 |
| TOP OF THE 9TH |
|
Colon Scallywags batting - Pitching for Managua Lagoon Monsters : LHP Gil Maldonado
|
|
Now at SS: Tom Lombarski
|
|
|
Now in LF: Mark Carreon
|
|
|
Batting: RHB Joe Carter
|
0-0: Called Strike 0-1: Called Strike 0-2: Ball 1-2: Foul Ball, location: 2F 1-2: Ball 2-2: Fly out, F8 (Flyball, 89D, EV 92.5 MPH)
|
|
Batting: SHB Jordan Ayala
|
0-0: Ball 1-0: Foul Ball, location: 2F 1-1: Ball 2-1: Foul Ball, location: 2F 2-2: Ball 3-2: SINGLE (Flyball, 8LS, EV 90.6 MPH)
|
|
Batting: RHB Pat Casey
|
0-0: Ball 1-0: Foul Ball, location: 2F 1-1: Ball 2-1: Ball 3-1: Grounds into double play, 6-4-3 (Groundball, 6, EV 84.4 MPH)
|
| Top of the 9th over - 0 runs, 1 hit, 0 errors, 0 left on base; Colon 0 - Managua 3 |
|